AoeStats
← rubenciego

Nomad

509541252Analyzed
3v3 RM · 6d ago on Sep 27, 2026· 34m 37s· 6 players
Game mode
Random Map
Map size
210×210
Population
200
Speed
Normal
Resources
Standard
Victory
Conquest
Starting age
Dark Age
Ending age
Imperial Age
RankedLock teamsTeams togetherTeam positionsShared explorationLock speedFull tech treeHidden civsTurbo modeCheats
Victory
Defeat
🇯🇵 Mongols · Japan
1165
+14
🇹🇼 Japanese · Taiwan
1164
+14
🇺🇸 Wei · United States
1153
+14
🇦🇷 Portuguese · Argentina
1116
-14
🇹🇼 Persians · Taiwan
1116
-14
🇲🇽 Tatars · Mexico
1108
-14
rubenciego
4:13 Loom
14:38 Feudal Age
18:40 Castle Age
16:56 Double-Bit Axe
25:30 Scale Barding Armor
25:30 Fishing Lines
26:45 Forging
30:17 Chain Barding Armor
31:07 Gillnets
32:21 Iron Casting
32:13 Fletching
33:24 Wheelbarrow
33:17 Bodkin Arrow
Jason
7:56 Loom
20:16 Feudal Age
27:53 Castle Age
27:51 Double-Bit Axe
TKBXPT2214
6:09 Loom
16:13 Feudal Age
17:43 Wheelbarrow
23:29 Castle Age
21:40 Double-Bit Axe
23:31 Gold Mining
24:48 Hand Cart
25:04 Stone Mining
25:57 Horse Collar
26:56 Stone Shaft Mining
27:24 Bow Saw
shampoop
12:33 Feudal Age
10:49 Loom
13:22 Double-Bit Axe
13:18 Horse Collar
14:23 Gold Mining
16:24 Stone Mining
18:01 Wheelbarrow
20:41 Castle Age
21:38 Bow Saw
21:30 Heavy Plow
22:31 Gold Shaft Mining
24:34 Forging
24:29 Scale Barding Armor
26:02 Iron Casting
26:52 Chain Barding Armor
28:37 Bloodlines
28:28 Husbandry
31:10 Hand Cart
36:43 Imperial Age
Lancer
5:06 Loom
13:32 Feudal Age
14:16 Double-Bit Axe
22:47 Castle Age
24:09 Bow Saw
26:45 Horse Collar
27:54 Heavy Plow
30:45 Wheelbarrow
30:18 Fletching
30:40 Stone Mining
32:26 Town Watch
33:14 Bodkin Arrow
34:15 Gold Mining
VVs00
3:20 Loom
13:44 Feudal Age
18:09 Wheelbarrow
22:52 Castle Age
20:50 Stone Mining
20:47 Double-Bit Axe
21:28 Forging
23:03 Horse Collar
24:19 Gold Mining
25:08 Scale Barding Armor
26:10 Iron Casting
26:33 Fishing Lines
32:36 Imperial Age
31:26 Bow Saw
31:55 Gold Shaft Mining
32:20 Chain Barding Armor
32:10 Heavy Plow
33:47 Fletching
34:35 Husbandry
34:20 Heavy Camel Rider
Connection lost

Rejoining the realm…

Still unreachable

The connection could not be restored.

Session expired

The server has moved on; the page needs a fresh start.